 Dungeon Crawl Stone Soup version 0.27.1-1-g398f81649c (webtiles) character file.

Game seed: 986889059671132733

840 nxtlvl the Slasher (level 7, -3/51 HPs)
             Began as a Minotaur Necromancer on Sept 10, 2021.
             Was a Follower of Cheibriados.
             Slain by a two-headed ogre (25 damage)
             ... on level 8 of the Dungeon.
             The game lasted 00:27:42 (2383 turns).

nxtlvl the Slasher (Minotaur Necromancer)           Turns: 2383, Time: 00:27:42

Health: -3/51      AC:  5    Str: 16    XL:     7   Next: 67%
Magic:  7/8        EV: 11    Int: 14    God:    Cheibriados [*.....]
Gold:   324        SH:  8    Dex: 13    Spells: 2/8 levels left

rFire    . . .     SeeInvis +   b - +0 falchion
rCold    . . .     Faith    .   e - +0 buckler
rNeg     . . .     Spirit   .   c - +0 troll leather armour
rPois    .         Reflect  +   (helmet restricted)
rElec    .         Harm     .   (no cloak)
rCorr    .         Rampage  .   d - +0 pair of gloves
Will     .....                  (no boots)
Stlth    ++........             f - amulet of reflection
HPRegen  1.17/turn              y - ring of wizardry
MPRegen  0.11/turn              A - ring of see invisible

@: very slow
A: horns 2, retaliatory headbutt
a: Renounce Religion, Bend Time


You were on level 8 of the Dungeon.
You worshipped Cheibriados.
Cheibriados was aware of your devotion.
You visited 2 branches of the dungeon, and saw 9 of its levels.

You collected 324 gold pieces.

Inventory:

Hand Weapons
 a - a +0 whip of electrocution
 b - a +0 falchion (weapon)
 z - a +0 shortbow
Missiles
 k - 85 arrows
 u - 2 throwing nets
 B - 28 sling bullets
Armour
 c - a +0 troll leather armour (worn)
 d - a +0 pair of gloves (worn)
 e - a +0 buckler (worn)
Jewellery
 f - an amulet of reflection (around neck)
 h - an amulet of guardian spirit
 t - a ring of protection from cold
 y - a ring of wizardry (left hand)
 A - a ring of see invisible (right hand)
Wands
 x - a wand of acid (5)
Scrolls
 g - 2 scrolls of teleportation
 p - 2 scrolls of enchant armour {unknown}
 r - 2 scrolls of magic mapping {unknown}
 v - a scroll of fog {unknown}
 C - a scroll of amnesia {unknown}
Potions
 i - 4 potions of curing {unknown}
 j - a potion of heal wounds
 l - 2 potions of lignification {unknown}
 n - a potion of flight
 o - 3 potions of haste {unknown}
 q - a potion of resistance
 s - a potion of brilliance {unknown}
 w - a potion of might {unknown}


   Skills:
 + Level 0.4 Fighting
 * Level 6.2 Long Blades
 + Level 2.3 Dodging
 - Level 1.5 Stealth
 - Level 1.3 Spellcasting
 - Level 6.0 Necromancy


You had 2 spell levels left.
You knew the following spells:

 Your Spells              Type           Power      Damage    Failure   Level
z - Pain                  Necr           68%        1d7       1%          1
X - Animate Dead          Necr           8%         N/A       17%         4
Z - Animate Skeleton      Necr           34%        N/A       1%          1

Your spell library contained the following spells:

 Spells                   Type           Power      Damage    Failure   Level
 Vampiric Draining        Necr           8%         2d7       5%          3
 Agony                    Necr           17%        N/A       43%         5


Dungeon Overview and Level Annotations

Branches:
Dungeon (8/15)             Temple (1/1) D:4
   Lair: D:8-11

Altars:
Ashenzari
Cheibriados
Elyvilon
Fedhas
Kikubaaqudgha
Makhleb
Nemelex Xobeh
Qazlal
Vehumet
The Shining One

Annotations:
D:4 exclusion: downstairs


Innate Abilities, Weirdness & Mutations

You have a pair of horns on your head.
You reflexively headbutt those who attack you in melee.


Message History

The iceblast engulfs the two-headed ogre!
The two-headed ogre is moderately wounded.
You hear a shout!
Aiming: Corrosive Bolt
Press: ? - help, Shift-Dir - straight line, f - two-headed ogre
Aim: a two-headed ogre, wielding two +0 giant clubs (moderately wounded, 86% to hit)
The bolt of acid hits the two-headed ogre!
The two-headed ogre is splashed with acid.
The acid corrodes the two-headed ogre!
The two-headed ogre is heavily wounded.
You hear a shout!
Aiming: Iceblast
Press: ? - help, Shift-Dir - straight line, f/p - two-headed ogre
Aim: a two-headed ogre, wielding two +0 giant clubs (heavily wounded, covered in acid)
The mass of ice explodes!
The iceblast engulfs the two-headed ogre!
The two-headed ogre is severely wounded.
The now-empty wand crumbles to dust.
You hear a shout!
An orc comes into view. It is wielding a +0 dagger.
Casting: Pain (safe; 1% risk of failure)
Confirm with . or Enter, or press ? or * to list all spells.
Aiming: Pain (safe; 1% risk of failure)
Press: ? - help, Shift-Dir - straight line, f/p - two-headed ogre
Aim: a two-headed ogre, wielding two +0 giant clubs (severely wounded, covered in acid, chance to affect: 60%)
The two-headed ogre writhes in agony.
The two-headed ogre hits you with a +0 giant club!!
Ouch! That really hurt!
The two-headed ogre closely misses you.
Aiming: Corrosive Bolt
Press: ? - help, Shift-Dir - straight line, f/p - two-headed ogre
Aim: a two-headed ogre, wielding two +0 giant clubs (severely wounded, covered in acid, 86% to hit)
The bolt of acid hits the two-headed ogre!
The two-headed ogre is splashed with acid.
The two-headed ogre seems to be corroded for longer.
The two-headed ogre is almost dead.
An orc priest comes into view. It is wielding a +0 club.
The two-headed ogre hits you with a +0 giant club.
The two-headed ogre hits you with a +0 giant club!!
You die...

#.# #.#
#..#.# #.#
#.# #..#.#
#.# #.# #..#
# #.# #.#
#..# #.# #..
#..# #.# ###
#..# #.#
#..#
#.#####.#.#.
#...@O...o..
#######.#.#o


You could see a two-headed ogre (corroded), an orc priest and an orc.

Vanquished Creatures
  A steam dragon (D:4)
  An orc warrior (D:7)
  An ogre (D:4)
  A centaur (D:6)
  A phantom (D:4)
  4 wights (D:7)
  A jelly (D:7)
  2 iguanas
  2 adders
  A shadow imp (D:7)
  2 white imps
  An ufetubus (D:4)
  A worm (D:2)
  2 dart slugs
  8 orcs
  8 ball pythons
  5 endoplasms
  2 giant cockroaches (D:1)
  5 goblins
  3 hobgoblins
  2 jackals (D:1)
  6 kobolds
  5 quokkas
  2 bats (D:2)
  A frilled lizard (D:1)
  5 rats
73 creatures vanquished.

Vanquished Creatures (collateral kills)
  An iguana (D:4)
  2 hobgoblins (D:4)
3 creatures vanquished.

Vanquished Creatures (others)
  5 plants (D:2)
5 creatures vanquished.

Grand Total: 81 creatures vanquished

Notes
Turn   | Place    | Note
-------+----------+-------------------------------------------
     0 | D:1      | nxtlvl the Minotaur Necromancer began the quest for the
                  | Orb.
     0 | D:1      | Reached XP level 1. HP: 14/14 MP: 1/1
   166 | D:1      | Reached XP level 2. HP: 16/20 MP: 0/3
   486 | D:2      | Found a faded altar of an unknown god.
   732 | D:2      | Reached XP level 3. HP: 26/26 MP: 0/4
   842 | D:2      | Learned a level 1 spell: Animate Skeleton
   915 | D:3      | Reached XP level 4. HP: 33/33 MP: 0/5
  1075 | D:3      | You fall into a shaft and drop 2 floors!
  1075 | D:5      | Entered Level 5 of the Dungeon
  1168 | D:5      | Noticed an ogre
  1250 | D:4      | Noticed a steam dragon
  1259 | D:4      | Killed a steam dragon
  1260 | D:4      | Reached skill level 5 in Necromancy
  1260 | D:4      | Reached XP level 5. HP: 28/38 MP: 3/6
  1311 | D:4      | Noticed a phantom
  1319 | D:4      | Killed a phantom
  1320 | D:4      | Reached XP level 6. HP: 43/45 MP: 7/7
  1469 | D:4      | Found a staircase to the Ecumenical Temple.
  1478 | Temple   | Entered the Ecumenical Temple
  1492 | Temple   | Became a worshipper of Cheibriados the Contemplative
  1766 | D:7      | Learned a level 4 spell: Animate Dead
  1905 | D:6      | Reached XP level 7. HP: 27/50 MP: 1/8
  1932 | D:6      | Found a stormy altar of Qazlal.
  2021 | D:6      | Found a glowing golden altar of the Shining One.
  2022 | D:6      | Found a broken altar of Ashenzari.
  2023 | D:6      | Found a burning altar of Makhleb.
  2024 | D:6      | Found a white marble altar of Elyvilon.
  2171 | D:7      | Reached skill level 5 in Long Blades
  2206 | D:7      | Reached * piety under Cheibriados
  2376 | D:8      | Noticed a two-headed ogre
  2383 | D:8      | Slain by a two-headed ogre

Illustrated notes

Levels and vault maps discovered:
D:1:      erik_arrival_blinker_ship, layout_basic
D:2:      layout_loops_cross, hellmonk_ecumenical_altar_slurped_away,
          serial_bayou_ford_a, hangedman_decor_peaks_small, grunt_ministairs_13,
          minmay_misc_feat_more_columns, minmay_pentomino_x4
D:3:      layout_rooms, nicolae_gozag_seed_capital, uniq_sigmund
D:4:      layout_rooms, minmay_temple_entry_mini_moons, serial_rivers,
          chequers_serial_rivers_micro_a, chequers_serial_rivers_room_b,
          chequers_serial_rivers_small_b, chequers_serial_rivers_small_a,
          chequers_serial_rivers_micro_d, minmay_door_square
D:5:      layout_basic, gammafunk_ghost_nasty_kobolds, nicolae_elemental_shop,
          minmay_manual_moon
D:6:      layout_basic, nicolae_qazlal_eye_of_the_storm, minitemple,
          columned_hall_lemuel
D:7:      layout_rooms
D:8:      layout_loops_ring, serial_park_tiny_pond, uniq_maggie
Temple:   nicolae_temple_hex_pool

Skill      XL: |  1  2  3  4  5  6  7 |
---------------+----------------------+-----
Necromancy     | 3 4 5 6 |  6.0
Long Blades    | 3 6 |  6.2
Fighting       | |  0.4
Dodging        | |  2.3
Stealth        | |  1.5
Spellcasting   | |  1.3

Action                   |  1- 3 |  4- 6 |  7- 9 || total
-------------------------+-------+-------+-------++-------
Melee: Unarmed           |    29 |       |       ||    29
       Headbutt          |     8 |     7 |     5 ||    20
       Whip              |    20 |    51 |     2 ||    73
       Club              |     1 |       |       ||     1
       Falchion          |       |       |    37 ||    37
 Cast: Pain              |    33 |    42 |     8 ||    83
       Animate Skeleton  |     1 |     9 |       ||    10
       Animate Dead      |       |       |     2 ||     2
Evoke: Wand              |     2 |     2 |     6 ||    10
  Use: Scroll            |       |     4 |       ||     4
 Stab: Sleeping          |     1 |     2 |     1 ||     4
Armor: Robe              |     9 |       |       ||     9
       Troll leather arm |    10 |    12 |     4 ||    26
Dodge: Dodged            |    39 |    40 |    19 ||    98
Block: Other             |    22 |    24 |     6 ||    52
       Reflection        |     2 |     1 |       ||     3
       Buckler           |       |       |     2 ||     2
       Rpst.: Falchion   |       |       |     3 ||     3
